 Dungeon Sprint DCSS version 0.30.1-8-g117510f58f (webtiles) character file.

Game seed: 15825960592894315466

19705 Heoruswealwe the Phalangite (level 12, -16/130 HPs)
             Began as a Minotaur Fighter on Sept 22, 2023.
             Was the Champion of the Shining One.
             Demolished by an ettin
             ... wielding a +0 dire flail
              (28 damage)
             ... in the Dungeon (Sprint IX: "|||||||||||||||||||||||||||||").
             The game lasted 00:25:09 (1919 turns).

Heoruswealwe the Phalangite (Minotaur Fighter)      Turns: 1919, Time: 00:25:10

Health: -16/130    AC: 27    Str: 27    XL:     12   Next: 38%
Magic:  11/11      EV:  8    Int:  5    God:    the Shining One [******]
Gold:   326        SH:  0    Dex:  9    Spells: 11/11 levels left

rFire   + + .        b - +9 halberd (venom)
rCold   + . .        (shield currently unavailable)
rNeg    + + +        c - +1 plate armour {rF+}
rPois   .            (helmet restricted)
rElec   .            h - +0 cloak
rCorr   .            f - +2 pair of gloves
SInv    .            e - +0 pair of boots
Will    .....        i - amulet of regeneration Stlth
                     k - ring of protection from cold
HPRegen 1.21/turn    j - ring of protection from fire
MPRegen 0.12/turn

%: no teleportation
@: glowing
A: horns 2, retaliatory headbutt
a: Renounce Religion, Divine Shield, Cleansing Flame, Summon Divine Warrior,
Brand Weapon With Holy Wrath


You were in the Dungeon.
You worshipped the Shining One.
The Shining One was exalted by your worship.
You visited 1 branch You collected 1950 gold pieces.
You spent 1624 gold pieces at shops.

Inventory:

Hand Weapons
 a - a +0 trident of flaming
 b - a +9 halberd of venom (weapon)
 x - a +0 triple crossbow
Armour
 c - a +1 plate armour of fire resistance (worn)
 d - a +1 tower shield
 e - a +0 pair of boots (worn)
 f - a +2 pair of gloves (worn)
 h - a +0 cloak (worn)
Jewellery
 i - an amulet of regeneration (around neck)
 j - a ring of protection from fire (right hand)
 k - a ring of protection from cold (left hand)
Wands
 l - a wand of quicksilver (10)
Scrolls
 n - a scroll of enchant weapon
 o - 3 scrolls of enchant armour
 p - 2 scrolls of identify
 w - 4 scrolls of blinking
Potions
 g - 6 potions of haste
 m - 3 potions of mutation
 q - 5 potions of curing
 r - a potion of ambrosia
 s - 4 potions of heal wounds
 t - 4 potions of berserk rage
 u - a potion of flight
 v - 3 potions of might


   Skills:
 + Level 19.5 Fighting
 * Level 26.0 Polearms
 + Level 19.5 Armour
 - Level 3.6 Shields


You had 11 spell levels left.
You didn't know any spells.
Your spell library was empty.

Dungeon Overview and Level Annotations

Branches:
Dungeon (1/1)

Altars:
Cheibriados
Dithmenos
Elyvilon
Fedhas
Gozag
Hepliaklqana
Kikubaaqudgha
Makhleb
Nemelex Xobeh
Okawaru
Qazlal
Ru
Sif Muna
Trog
Uskayaw
Vehumet
Wu Jian
Xom
Yredelemnul
Zin
The Shining One
Jiyva
Lugonu

Shops:
D [[*!


Innate Abilities, Weirdness & Mutations

You have a pair of horns on your head.
You reflexively headbutt those who attack you in melee.


Message History

You hit the fire dragon.
The fire dragon looks as sick as possible!
Your headbutt misses the fire dragon.
The fire dragon is almost dead.
The fire dragon bites you but does no damage.
The fire dragon claws you but does no damage.
The fire dragon barely misses you.
You impale the fire dragon!!
You kill the fire dragon!
Reach: b) +9 halberd (venom)
Press: ? - help, Dir - move target, f - ettin
Aim: an ettin, wielding two +0 dire flails (haloed, about 3% to evade your +9 halberd of venom)
You reach to attack!
You slice the ettin!!
The ettin looks as sick as possible!
The ettin is heavily wounded.
Reach: b) +9 halberd (venom)
Press: ? - help, Dir - move target, f/p - ettin
Aim: an ettin, wielding two +0 dire flails (heavily wounded, extremely poisoned, haloed, about 3% to evade your +9 halberd of venom)
You reach to attack!
You slash the ettin!
The ettin looks as sick as possible!
The ettin is severely wounded.
You hit the ettin but do no damage.
The ettin looks as sick as possible!
You headbutt the ettin!
The ettin is almost dead.
The ettin hits you with a +0 dire flail!!
* * * LOW HITPOINT WARNING * * *
The ettin hits you but does no damage.
You slice the ettin!!
You kill the ettin!
Your Polearms skill increases to level 26!
Reach: b) +9 halberd (venom)
Press: ? - help, Dir - move target, f - ettin
Aim: an ettin, wielding a +0 dire flail and a +0 great mace (haloed, about 3% to evade your +9 halberd of venom)
You reach to attack!
You impale the ettin!!
The ettin looks as sick as possible!
The ettin is heavily wounded.
You slash the ettin!
The ettin is severely wounded.
The ettin hits you with a +0 dire flail!
* * * LOW HITPOINT WARNING * * *
The ettin hits you with a +0 great mace!!
You die...

[[..'[)..........†.........†.....
▓▓▓▓▓▓▓▓▓▓▓▓▓▓▓▓▓▓▓▓▓▓▓▓▓▓▓▓▓▓▓▓▓
....).........)..................
▓▓▓▓▓▓▓▓▓▓▓▓▓▓▓▓▓▓▓▓▓▓▓▓▓▓▓▓▓▓▓▓▓
'.....∩.∩[∩!∩.)..))...........)).
▓▓▓▓▓▓▓▓▓▓▓▓▓▓▓▓▓▓▓▓▓▓▓▓▓▓▓▓▓▓▓▓▓
.................................
▓▓▓▓▓▓▓▓▓▓▓▓▓▓▓▓▓▓▓▓▓▓▓▓▓▓▓▓▓▓▓▓▓
......)C@†?........[[[[[[
▓▓▓▓▓▓▓▓▓▓▓▓▓▓▓▓▓▓▓▓▓▓▓▓▓


You could see an ettin (extremely poisoned).

Vanquished Creatures
  An ettin (D)
  A fire dragon (D)
  Josephine (D)
  Erica (D)
  3 centaur warriors (D)
  2 boulder beetles (D)
  8 orc high priests (D)
  2 ugly things (D)
  A cyclops (D)
  A guardian serpent (shapeshifter) (D)
  Joseph (D)
  3 cane toads (D)
  Psyche (D)
  An unseen horror (D)
  A komodo dragon (D)
  A kobold demonologist (D)
  A rime drake (D)
  A yaktaur (D)
  A tengu conjurer (D)
  A meliai (D)
  A polar bear (D)
  A hornet (D)
  A polar bear (shapeshifter) (D)
  A blink frog (D)
  A shadow (D)
  4 wraiths (D)
  A yak (D)
  Eustachio (D)
  2 basilisks (D)
  2 wargs (D)
  7 water moccasins (D)
  A hell hound (D)
  11 orc warriors (D)
  5 wolves (D)
  2 bullfrogs (D)
  A killer bee (D)
  A howler monkey (D)
  10 orc priests (D)
  2 iguanas (D)
  An orc wizard (D)
  An adder (D)
  An ufetubus (D)
  9 orcs (D)
  2 endoplasms (D)
  A hobgoblin (D)
  2 rats (D)
105 creatures vanquished.

Notes
Turn   | Place    | Note
-------+----------+-------------------------------------------
     0 | D        | Heoruswealwe the Minotaur Fighter began the quest for the
                  | Orb.
     0 | D        | Reached XP level 1. HP: 19/19 MP: 0/0
     6 | D        | Reached skill level 3 in Polearms
    18 | D        | Noticed an iguana
    18 | D        | Noticed an iguana
    23 | D        | Killed an iguana
    24 | D        | Reached skill level 5 in Fighting
    24 | D        | Reached skill level 5 in Polearms
    24 | D        | Reached skill level 5 in Armour
    24 | D        | Reached XP level 2. HP: 29/29 MP: 1/1
    24 | D        | Reached XP level 3. HP: 36/36 MP: 2/2
    25 | D        | Reached skill level 6 in Polearms
    33 | D        | Reached skill level 7 in Polearms
    33 | D        | Reached XP level 4. HP: 37/44 MP: 3/3
    43 | D        | Found a snail-covered altar of Cheibriados.
    43 | D        | Found a shadowy altar of Dithmenos.
    43 | D        | Found a white marble altar of Elyvilon.
    43 | D        | Found a blossoming altar of Fedhas.
    43 | D        | Found an opulent altar of Gozag.
    44 | D        | Found a hazy altar of Hepliaklqana.
    45 | D        | Found a viscous altar of Jiyva.
    46 | D        | Found an ancient bone altar of Kikubaaqudgha.
    47 | D        | Found a corrupted altar of Lugonu.
    48 | D        | Found a burning altar of Makhleb.
    49 | D        | Found a sparkling altar of Nemelex Xobeh.
    50 | D        | Found an iron altar of Okawaru.
    51 | D        | Found a stormy altar of Qazlal.
    52 | D        | Found a sacrificial altar of Ru.
    53 | D        | Found a shimmering blue altar of Sif Muna.
    54 | D        | Found a bloodstained altar of Trog.
    55 | D        | Found a hide-covered altar of Uskayaw.
    56 | D        | Found a radiant altar of Vehumet.
    57 | D        | Found an ornate altar of the Wu Jian Council.
    58 | D        | Found a shimmering altar of Xom.
    59 | D        | Found a basalt altar of Yredelemnul.
    60 | D        | Found a glowing silver altar of Zin.
    61 | D        | Found a glowing golden altar of the Shining One.
    69 | D        | Became a worshipper of the Shining One
   111 | D        | Noticed a shadow
   111 | D        | Noticed a hornet
   111 | D        | Reached * piety under the Shining One
   111 | D        | Noticed a yak
   114 | D        | Killed a yak
   115 | D        | Reached skill level 10 in Polearms
   115 | D        | Reached XP level 5. HP: 53/53 MP: 4/4
   118 | D        | Reached skill level 11 in Polearms
   118 | D        | Reached XP level 6. HP: 62/62 MP: 5/5
   121 | D        | Killed a hornet
   122 | D        | Reached skill level 12 in Polearms
   126 | D        | Killed a shadow
   126 | D        | Noticed an unseen horror
   126 | D        | Reached ** piety under the Shining One
   127 | D        | Reached skill level 10 in Fighting
   127 | D        | Reached skill level 13 in Polearms
   127 | D        | Reached skill level 10 in Armour
   127 | D        | Reached XP level 7. HP: 58/72 MP: 6/6
   129 | D        | Killed an unseen horror
   130 | D        | Reached skill level 14 in Polearms
   177 | D        | Noticed a cyan ugly thing
   177 | D        | Noticed a tengu conjurer
   177 | D        | Noticed a centaur warrior
   177 | D        | Noticed a polar bear
   177 | D        | Noticed a cyan ugly thing
   177 | D        | Reached *** piety under the Shining One
   177 | D        | Noticed a kobold demonologist
   179 | D        | Killed a kobold demonologist
   180 | D        | Reached skill level 15 in Polearms
   180 | D        | Reached XP level 8. HP: 82/82 MP: 7/7
   185 | D        | Killed a cyan ugly thing
   186 | D        | Reached skill level 16 in Polearms
   188 | D        | Killed a polar bear
   195 | D        | Killed a centaur warrior
   196 | D        | Reached skill level 17 in Polearms
   196 | D        | Reached XP level 9. HP: 42/93 MP: 8/8
   206 | D        | Killed a tengu conjurer
   212 | D        | Killed a cyan ugly thing
   213 | D        | Reached skill level 18 in Polearms
   474 | D        | Noticed Psyche
   482 | D        | Killed Psyche
   556 | D        | Noticed a cane toad
   556 | D        | Noticed a rime drake
   556 | D        | Reached **** piety under the Shining One
   562 | D        | Noticed a polar bear
   569 | D        | Reached skill level 19 in Polearms
   570 | D        | Killed a rime drake
   571 | D        | Reached XP level 10. HP: 91/104 MP: 9/9
   575 | D        | Killed a cane toad
   586 | D        | Reached skill level 20 in Polearms
   733 | D        | Noticed a cane toad
   733 | D        | Reached ***** piety under the Shining One
   733 | D        | Noticed a boulder beetle
   744 | D        | Killed a boulder beetle
   744 | D        | Noticed a cane toad
   745 | D        | Reached skill level 15 in Fighting
   745 | D        | Reached skill level 15 in Armour
   752 | D        | Killed a cane toad
   758 | D        | Reached skill level 21 in Polearms
   760 | D        | Killed a cane toad
   994 | D        | Reached ****** piety under the Shining One
   996 | D        | Noticed Josephine
  1010 | D        | Killed Josephine
  1011 | D        | Reached skill level 22 in Polearms
  1011 | D        | Reached XP level 11. HP: 108/115 MP: 10/10
  1031 | D        | Noticed Erica
  1044 | D        | Killed Erica
  1065 | D        | Noticed Joseph
  1073 | D        | Killed Joseph
  1317 | D        | Noticed an orc high priest
  1323 | D        | Reached skill level 23 in Polearms
  1350 | D        | Killed an orc high priest
  1456 | D        | Found Dilyub's Distillery.
  1456 | D        | Noticed an orc high priest
  1456 | D        | Noticed an orc high priest
  1456 | D        | Noticed an orc high priest
  1462 | D        | Killed an orc high priest
  1465 | D        | Noticed a sixfirhy
  1469 | D        | Killed an orc high priest
  1474 | D        | Noticed an orc high priest
  1488 | D        | Killed an orc high priest
  1489 | D        | Reached skill level 24 in Polearms
  1500 | D        | Killed an orc high priest
  1523 | D        | Found Jocayp's General Store.
  1530 | D        | Found Ucrepach's Armour Boutique.
  1534 | D        | Found Qeyrest's Antique Armour Shop.
  1537 | D        | Noticed an orc high priest
  1538 | D        | Noticed an orc high priest
  1567 | D        | Killed an orc high priest
  1572 | D        | Noticed a soul eater
  1588 | D        | Killed an orc high priest
  1609 | D        | Noticed an orc high priest
  1622 | D        | Killed an orc high priest
  1670 | D        | Bought a pair of glowing gloves for 217 gold pieces
  1681 | D        | Bought a +1 plate armour of fire resistance for 490 gold
                  | pieces
  1694 | D        | Bought a scroll of identify for 22 gold pieces
  1694 | D        | Bought a scroll of enchant armour for 82 gold pieces
  1694 | D        | Bought an amulet of regeneration for 330 gold pieces
  1694 | D        | Bought a potion of lignification for 33 gold pieces
  1704 | D        | Bought a potion of might for 40 gold pieces
  1704 | D        | Bought a potion of curing for 30 gold pieces
  1704 | D        | Bought a potion of heal wounds for 50 gold pieces
  1704 | D        | Bought a potion of flight for 30 gold pieces
  1704 | D        | Bought 2 potions of haste for 200 gold pieces
  1704 | D        | Bought a potion of haste for 100 gold pieces
  1771 | D        | Noticed Eustachio
  1778 | D        | Killed Eustachio
  1779 | D        | Reached XP level 12. HP: 128/128 MP: 11/11
  1883 | D        | Noticed a boulder beetle
  1883 | D        | Noticed a centaur warrior
  1887 | D        | Killed a centaur warrior
  1888 | D        | Reached skill level 25 in Polearms
  1890 | D        | Noticed a centaur warrior
  1891 | D        | Killed a boulder beetle
  1894 | D        | Noticed a fire dragon
  1905 | D        | Noticed an ettin
  1906 | D        | Noticed an ettin
  1908 | D        | Killed a centaur warrior
  1913 | D        | Killed a fire dragon
  1917 | D        | Killed an ettin
  1918 | D        | Reached skill level 26 in Polearms
  1919 | D        | Demolished by an ettin

Illustrated notes

Levels and vault maps discovered:
D:        linesprint [early_d, line_temple, items_1, d_10, items_2, lair_1,
          lair_end, items_3, orc_1, orc_end, items_4, d_15, swamp_1, shoals_1,
          snake_1, spider_1, d_20, vaults_1, items_5, swamp_end, shoals_end,
          snake_end, spider_end, vaults_end, d_27, items_6, zot_1, zot_end,
          crypt_end, forest_end, elf_end, slime_end, tomb_end, abyss_end,
          pan_hell_end]

Skill      XL: |  1  2  3  4  5  6  7  8  9 10 11 12 |
---------------+-------------------------------------+-----
Polearms       | 5 7 10 11 13 15 17 19 22 24 26 | 26.0
Fighting       | 5 8 10 11 13 14 16 18 19 | 19.5
Armour         | 5 8 10 11 13 14 16 18 19 | 19.5
Shields        | |  3.6

Action                     |  1- 3 |  4- 6 |  7- 9 | 10-12 || total
---------------------------+-------+-------+-------+-------++-------
  Melee: Trident           |    21 |     4 |       |       ||    25
         Headbutt          |     3 |     2 |    11 |    69 ||    85
         Halberd           |       |    14 |    53 |   285 ||   352
    Use: Potion            |       |       |     3 |     4 ||     7
         Scroll            |       |       |       |     8 ||     8
 Armour: Scale mail        |     5 |     1 |       |       ||     6
         Ring mail         |       |     3 |    26 |    23 ||    52
         Plate armour      |       |       |       |    63 ||    63
  Dodge: Dodged            |    10 |    10 |    14 |    48 ||    82
  Block: Buckler           |     4 |       |       |       ||     4
